 Dungeon Crawl Stone Soup version 0.26.1-11-gd32895ea62 (webtiles) character file.

Game seed: 17605623994327776752

3731 Bergy the Basher (level 10, 0/84 HPs)
             Began as a Gargoyle Fighter on July 13, 2021.
             Was a Follower of Makhleb.
             Slain by a killer bee (1 damage)
             ... on level 8 of the Dungeon.
             The game lasted 00:24:47 (9654 turns).

Bergy the Basher (Gargoyle Fighter)                 Turns: 9654, Time: 00:24:49

Health: 0/84       AC: 25    Str: 23    XL:     10   Next: 14%
Magic:  10/10      EV:  2    Int:  9    God:    Makhleb [*.....]
Gold:   450        SH:  9    Dex:  9    Spells: 9/9 levels left

rFire    + . .     SeeInvis .   A - +0 mace (protect)
rCold    . . .     Faith    .   c - +0 kite shield
rNeg     + + +     Spirit   .   (armour currently unavailable)
rPois    ∞         Reflect  .   (helmet currently unavailable)
rElec    .         Harm     .   (cloak currently unavailable)
rCorr    .         Rampage  .   (gloves currently unavailable)
Will     .....     NoTele   +   (boots currently unavailable)
Stlth    +.........             (no amulet)
HPRegen  0.24/turn              t - ring of protection from fire
MPRegen  0.12/turn              (no ring)

@: tree-form, studying Fighting
A: negative energy resistance 1, petrification resistance, miasma immunity, AC
+7
a: Renounce Religion


You were on level 8 of the Dungeon.
You worshipped Makhleb.
Makhleb was aware of your devotion.
You were a tree.
You visited 2 branches of the dungeon, and saw 9 of its levels.

You collected 489 gold pieces.
You spent 39 gold pieces at shops.

Inventory:

Hand Weapons
 A - a +0 mace of protection (weapon)
Armour
 c - a +0 kite shield (worn)
 z - a +0 plate armour
 K - a +3 ring mail (melded)
Jewellery
 t - a ring of protection from fire (left branch)
 F - an uncursed ring of wizardry {unknown}
 J - a cursed ring of attention {unknown}
Wands
 m - a wand of flame (34)
 x - a wand of iceblast (9)
 y - a wand of digging (6)
 I - a wand of enslavement (8)
Scrolls
 a - a scroll of holy word {unknown}
 e - 2 scrolls of identify
 f - a scroll of enchant weapon {unknown}
 g - 3 scrolls of enchant armour {unknown}
 h - 11 scrolls of teleportation
 i - 2 scrolls of blinking {unknown}
 j - 4 scrolls of remove curse {unknown}
 o - a scroll of noise {unknown}
 p - 4 scrolls of fear {unknown}
 r - a scroll of fog {unknown}
 w - 2 scrolls of amnesia {unknown}
 G - a scroll of magic mapping {unknown}
Potions
 b - a potion of resistance {unknown}
 d - a potion of ambrosia {unknown}
 k - a potion of lignification
 l - a potion of haste {unknown}
 n - a potion of attraction {unknown}
 q - 2 potions of heal wounds {unknown}
 u - 2 potions of cancellation {unknown}
 v - a potion of mutation {unknown}
 B - 3 potions of curing
 C - 2 potions of flight {unknown}
 D - a potion of invisibility {unknown}
 E - 2 potions of might
 H - a potion of degeneration {unknown}
Books
 s - a manual of Fighting


   Skills:
 - Level 3.2 Fighting
 * Level 13.8 Maces & Flails
 - Level 3.2 Armour
 - Level 3.2 Shields


You had 9 spell levels left.
You didn't know any spells.
Your spell library was empty.

Dungeon Overview and Level Annotations

Branches:
Dungeon (8/15)             Temple (1/1) D:5
   Lair: D:8-11

Altars:
Ashenzari
Cheibriados
Dithmenos
Elyvilon
Fedhas
Gozag
Hepliaklqana
Kikubaaqudgha
Makhleb
Nemelex Xobeh
Okawaru
Qazlal
Sif Muna
Trog
Uskayaw
Vehumet
Wu Jian
Xom
Yredelemnul
Zin
The Shining One

Shops:
D:5 !

Portals:
Abyss: D:6

Annotations:
D:6 2 transporters, weresquid's ghost, novice KoEn


Innate Abilities, Weirdness & Mutations

You are resistant to torment.
((Your stone body is resilient. (AC +7)))
You are immune to poison.
You resist negative energy. (rN+)
((You are resistant to electric shocks. (rElec)))
((You can survive without breathing.))
You are immune to petrification.
You are immune to miasma.


Message History

* * * LOW HITPOINT WARNING * * *
You closely miss the killer bee.
The killer bee stings you but does no damage. x2
You block the killer bee's attack.
The killer bee stings you but does no damage.
The killer bee stings you.
* * * LOW HITPOINT WARNING * * *
The killer bee stings you!
* * * LOW HITPOINT WARNING * * *
The killer bee stings you but does no damage. x2
The killer bee stings you.
* * * LOW HITPOINT WARNING * * *
You turn into a tree.
Your +3 ring mail melds into your body.
Your roots penetrate the ground.
The killer bee barely misses you.
The killer bee stings you but does no damage.
The killer bee barely misses you. The killer bee stings you.
* * * LOW HITPOINT WARNING * * *
The killer bee stings you but does no damage. x4
The killer bee stings you.
You die...

......# #...# #...#
.......# #...# #...#
#....# #...###...#
#....####....##...#
#.....#.........[#
#...............#
##..............#
#....yyy.......#
.######..).y♣y......##
...........####....[#
.......[..## ##...##
#......<.# ##...#
####.....# #....##
##....# #.....#
######....# #.8#8.#
#####.........#
#.#$#.#
.............##
#.8#8.#


You could see 5 killer bees.

Vanquished Creatures
  Grinder (D:3)
  The ghost of Bergy the Cudgeller, an amateur GrFi (D:5)
  A steam dragon (D:7)
  3 wargs (D:8)
  A water moccasin (D:8)
  5 phantoms
  A sky beast (D:6)
  An orc warrior (D:7)
  4 ogres
  2 centaurs
  A big kobold (D:6)
  3 bullfrogs
  A scorpion (D:4)
  7 killer bees
  A howler monkey (D:4)
  3 wights (D:7)
  A jelly (D:8)
  A quasit (D:7)
  5 hounds
  A bullfrog skeleton (D:5)
  A gnoll shaman (D:6)
  A bullfrog zombie (D:5)
  5 orc priests
  A centaur skeleton (D:5)
  An orc wizard (D:8)
  4 worker ants
  8 gnolls
  6 adders
  A river rat (D:5)
  2 white imps
  An ooze (D:1)
  An adder zombie (D:8)
  3 worms
  3 dart slugs
  4 leopard geckos
  15 orcs
  3 ball pythons
  5 giant cockroaches
  5 goblins
  5 hobgoblins
  5 jackals
  5 quokkas
  4 bats
  7 frilled lizards
  9 kobolds
  A quokka skeleton (D:7)
  A quokka zombie (D:6)
  11 rats
162 creatures vanquished.

Vanquished Creatures (others)
  A plant (D:8)
1 creature vanquished.

Grand Total: 163 creatures vanquished

Notes
Turn   | Place    | Note
-------+----------+-------------------------------------------
     0 | D:1      | Bergy the Gargoyle Fighter began the quest for the Orb.
     0 | D:1      | Reached XP level 1. HP: 14/14 MP: 1/1
   110 | D:1      | Reached XP level 2. HP: 19/19 MP: 2/2
   221 | D:1      | Reached skill level 3 in Maces & Flails
   311 | D:1      | Reached XP level 3. HP: 20/23 MP: 3/3
   715 | D:1      | Noticed an ogre
   715 | D:1      | Noticed an ogre
   715 | D:1      | Noticed an ogre
   724 | D:1      | Noticed an ogre
  1031 | D:2      | Reached skill level 4 in Maces & Flails
  1327 | D:2      | Reached XP level 4. HP: 25/28 MP: 4/4
  1817 | D:3      | Found an iron altar of Okawaru.
  1836 | D:3      | Noticed Grinder
  1848 | D:3      | Paralysed by Grinder for 7 turns
  1870 | D:3      | Killed Grinder
  1871 | D:3      | Reached skill level 6 in Maces & Flails
  1871 | D:3      | Reached XP level 5. HP: 19/32 MP: 5/5
  1871 | D:3      | Reached XP level 6. HP: 22/37 MP: 6/6
  2840 | D:4      | Reached skill level 7 in Maces & Flails
  3103 | D:4      | Noticed a phantom
  3142 | D:4      | Killed a phantom
  3143 | D:4      | Reached XP level 7. HP: 31/41 MP: 7/7
  3501 | D:4      | Reached skill level 8 in Maces & Flails
  3611 | D:4      | Reached skill level 9 in Maces & Flails
  3611 | D:4      | Reached XP level 8. HP: 46/46 MP: 8/8
  4074 | D:5      | Entered Level 5 of the Dungeon
  4245 | D:5      | Found a staircase to the Ecumenical Temple.
  4549 | D:5      | Found a runed translucent door.
  4550 | D:5      | Noticed Bergy's ghost (amateur GrFi)
  5068 | D:5      | Reached skill level 10 in Maces & Flails
  5096 | D:5      | Found Unliot's Distillery.
  5104 | D:5      | Bought a potion of curing for 39 gold pieces
  5668 | Temple   | Entered the Ecumenical Temple
  6046 | Temple   | Became a worshipper of Makhleb the Destroyer
  6112 | D:5      | Killed Bergy's ghost
  6387 | D:6      | Reached skill level 11 in Maces & Flails
  6410 | D:6      | Reached XP level 9. HP: 50/51 MP: 9/9
  7311 | D:6      | Reached * piety under Makhleb
  7468 | D:6      | Found a transporter.
  7476 | D:6      | Found a transporter.
  7505 | D:6      | Identified the cursed +1 long sword "Tiraboy" {distort, rN+
                  | Int+3 Dex-5}
  7523 | D:6      | Found a one-way gate to the infinite horrors of the Abyss.
  7523 | D:6      | Noticed a worldbinder
  7523 | D:6      | Noticed weresquid's ghost (novice KoEn)
  7969 | D:7      | Reached skill level 12 in Maces & Flails
  8835 | D:8      | Reached skill level 13 in Maces & Flails
  9495 | D:8      | Reached XP level 10. HP: 54/56 MP: 10/10
  9654 | D:8      | HP: 1/84 [killer bee (4)]
  9654 | D:8      | Slain by a killer bee

Illustrated notes

Levels and vault maps discovered:
D:1:      erik_arrival_cave_to_civilisation [erik_arrival_cave_to_temple],
          layout_basic, serial_forest, infiniplex_forest_lined_corner,
          infiniplex_forest_corner_2, infiniplex_forest_lined_2,
          infiniplex_forest_straight_5, infiniplex_forest_3_way,
          infiniplex_forest_lined_2, minmay_domino_2
D:2:      layout_basic
D:3:      layout_basic, okawaru_trees_1, uniq_grinder
D:4:      minmay_clustersquares, layout_basic, serial_forest,
          infiniplex_forest_join, infiniplex_forest_clump_diagonal,
          infiniplex_forest_lined_2, infiniplex_forest_straight_4,
          infiniplex_forest_straight_3, infiniplex_forest_clump_small,
          infiniplex_forest_clump_small, hangedman_decor_points
D:5:      layout_layer_cave, minmay_temple_entry_butterflies,
          gammafunk_ghost_grave, portal_sewer_entry_a, serial_shops, shop_statue
D:6:      layout_basic, gammafunk_ghost_abyssal_escape, minmay_small_thing
D:7:      layout_basic
D:8:      layout_layer_cave, erik_lair_orcish_takeover, minmay_statues_item
Temple:   nicolae_temple_the_god_donut

Skill      XL: |  1  2  3  4  5  6  7  8  9 |
---------------+----------------------------+-----
Maces & Flails | 3 4 6 7 9 11 13 | 13.8
Fighting       | |  3.2
Armour         | |  3.2
Shields        | |  3.2

Action                   |  1- 3 |  4- 6 |  7- 9 | 10-12 || total
-------------------------+-------+-------+-------+-------++-------
Melee: Flail             |   110 |   119 |   116 |       ||   345
       Mace              |       |       |   510 |    68 ||   578
Evoke: Wand              |       |       |     1 |       ||     1
  Use: Potion            |       |     1 |     1 |     2 ||     4
       Scroll            |       |     4 |     2 |       ||     6
 Stab: Distracted        |       |       |     1 |       ||     1
Armor: Scale mail        |    67 |    51 |   241 |       ||   359
       Skin              |       |       |     3 |     5 ||     8
       Ring mail         |       |       |    40 |    42 ||    82
Dodge: Dodged            |    40 |    28 |   141 |    44 ||   253
Block: Kite shield       |    56 |    59 |   220 |    52 ||   387
